 Dungeon Crawl Stone Soup version 0.31-a0-851-g7ff8af7976 (webtiles) character file.

Game seed: 14164807891003721378

55 AiryTheDragon the Magician (level 3, -4/27 (28) HPs)
             Began as a Demonspawn Hedge Wizard on Oct 7, 2023.
             Was a Follower of Nemelex Xobeh.
             Slain by Terence
             ... wielding the +7 Throatcutter {drain, coup de grace}
              (8 damage)
             ... on level 2 of the Dungeon.
             The game lasted 00:08:24 (765 turns).

AiryTheDragon the Magician (Demonspawn Hedge Wizard) Turns: 765, Time: 00:08:29

HP:   -4/27 (28)    AC:  5    Str: 10    XL:     3   Next: 67%
MP:   4/8           EV: 11    Int: 17    God:    Nemelex Xobeh [*.....]
Gold: 49            SH:  0    Dex: 12    Spells: 7/10 levels left

rFire   . . .        g - +0 hand axe
rCold   . . .        (no shield)
rNeg    . . .        f - +0 ring mail
rPois   .            c - +0 hat
rElec   .            (no cloak)
rCorr   .            (no gloves)
SInv    .            (no boots)
Will    .....        (no amulet)
Stlth   ++           (no ring)
HPRegen 0.24/turn    (no ring)
MPRegen 0.11/turn

%: no passive effects
@: lightly drained
A: horns 2
a: Renounce Religion, Draw Escape, Draw Destruction, Draw Summoning


You were on level 2 of the Dungeon.
You worshipped Nemelex Xobeh.
Nemelex Xobeh was aware of your devotion.
You visited 1 branch of the dungeon, and saw 2 of its levels.

You collected 49 gold pieces.

Inventory:

Hand Weapons
 a - a +0 dagger
 g - a +0 hand axe (weapon)
Armour
 b - a +0 robe
 c - a +0 hat (worn)
 f - a +0 ring mail (worn)
Potions
 d - a potion of magic
 h - a potion of degeneration {unknown}
 i - a potion of brilliance {unknown}
 j - a potion of heal wounds {unknown}


   Skills:
 + Level 2.4 Fighting
 + Level 2.4 Short Blades
 + Level 2.2 Axes
 + Level 2.3 Armour
 + Level 3.0 Dodging
 + Level 3.3 Stealth
 + Level 4.3 Spellcasting
 + Level 3.0 Conjurations
 * Level 4.0 Summonings
 + Level 0.8 Translocations


You had 7 spell levels left.
You knew the following spells:

 Your Spells              Type           Power      Damage    Failure   Level
a - Magic Dart            Conj           56%        1d5       11%         1
b - Call Imp              Summ           34%        N/A       11%         2

Your spell library contained the following spells:

 Spells                   Type           Power      Damage    Failure   Level
 Slow                     Hex            12%        N/A       36%         1
 Blink                    Tloc           12%        N/A       38%         2
 Cigotuvi's Dreadful Rot  Necr/Pois/Air  6%         N/A       50%         2
 Mephitic Cloud           Conj/Pois/Air  7%         N/A       58%         3


Dungeon Overview and Level Annotations

Branches:
Dungeon (2/15)

Altars:
Nemelex Xobeh

Annotations:
D:2 Terence


Innate Abilities, Weirdness & Mutations

You have a pair of horns on your head.


Message History

Confirm with . or Enter, or press ? or * to list all spells.
Aiming: Magic Dart (safe; 28% risk of failure)
Press: ? - help, Shift-Dir - straight line, f - Terence
Aim: Terence, wielding the +7 Throatcutter {drain, coup de grace} and wearing a +0 chain mail (100% to hit)
The magic dart hits Terence but does no damage.
Casting: Magic Dart (safe; 28% risk of failure)
Confirm with . or Enter, or press ? or * to list all spells.
Aiming: Magic Dart (safe; 28% risk of failure)
Press: ? - help, Shift-Dir - straight line, f/p - Terence
Aim: Terence, wielding the +7 Throatcutter {drain, coup de grace} and wearing a +0 chain mail (100% to hit)
The magic dart hits Terence but does no damage.
Terence barely misses you.
You hit Terence but do no damage. Your headbutt misses Terence.
Terence barely misses you.
You hit Terence but do no damage.
Terence hits you with the +7 Throatcutter {drain, coup de grace}!
Ouch! That really hurt!
You feel drained.
* * * LOW HITPOINT WARNING * * *
Okay, then.
You aren't carrying any scrolls.
It was a potion of experience.
You feel more experienced!
Your Fighting skill gained 2 levels and is now at level 2!
Your Short Blades skill gained 2 levels and is now at level 2!
Your Axes skill gained 2 levels and is now at level 2!
Your Armour skill gained 2 levels and is now at level 2!
Your Dodging skill gained 2 levels and is now at level 3!
Your Stealth skill gained 2 levels and is now at level 3!
Your Spellcasting skill increases to level 4!
Your Conjurations skill gained 2 levels and is now at level 3!
Your Summonings skill gained 3 levels and is now at level 4!
You have reached level 3!
Your experience leads to an increase in your attributes!
Increase (S)trength, (I)ntelligence, or (D)exterity?
You feel clever. x2; Your demonic ancestry asserts itself...
The horns on your head grow some more.
Terence hits you with the +7 Throatcutter {drain, coup de grace}!
You die...
Your body disappears without a glow.

# #.##...@.......§ ..#
#.##....^(......
....#+#.............§.
......#.......h...§...
#......#.#.####$#####
#..#<....# ..# ##
#...### #.#
...####..#######.###..
............r@@.....>#
###..........###...###
##.......#..# #.#
##..######.# # #.# ...
... ###. #### .


You could see Terence and a rat.

Vanquished Creatures
  A bat (D:2)
  3 endoplasms
  2 goblins (D:1)
  A hobgoblin (D:1)
  4 jackals (D:1)
  A frilled lizard (D:1)
  3 kobolds (D:1)
  2 rats (D:1)
17 creatures vanquished.

Vanquished Creatures (collateral kills)
  A dart slug (D:1)
1 creature vanquished.

Grand Total: 18 creatures vanquished

Notes
Turn   | Place    | Note
-------+----------+-------------------------------------------
     0 | D:1      | AiryTheDragon the Demonspawn Hedge Wizard began the quest
                  | for the Orb.
     0 | D:1      | Reached XP level 1. HP: 13/13 MP: 4/4
     6 | D:1      | Noticed a snapping turtle
     6 | D:1      | Noticed a swamp worm
     6 | D:1      | Noticed a black bear
     7 | D:1      | Noticed a rime drake
     7 | D:1      | Noticed a water moccasin
   128 | D:1      | Gained mutation: You have a pair of small horns on your
                  | head. [demonic ancestry]
   128 | D:1      | Reached XP level 2. HP: 13/19 MP: 0/6
   229 | D:1      | Learned a level 2 spell: Call Imp
   379 | D:1      | Found a faded altar of an unknown god.
   408 | D:1      | Prayed at the altar of an unknown god.
   408 | D:1      | Became a worshipper of Nemelex Xobeh the Trickster
   408 | D:1      | Reached * piety under Nemelex Xobeh
   408 | D:1      | Received a gift from Nemelex Xobeh
   738 | D:2      | Noticed Terence
   765 | D:2      | Gained mutation: You have a pair of horns on your head.
                  | [demonic ancestry]
   765 | D:2      | Reached XP level 3. HP: 3/27 MP: 4/8
   765 | D:2      | Slain by Terence

Illustrated notes

Levels and vault maps discovered:
D:1:      onia_arrival_zoo_common, layout_loops_ring,
          shapermc_ecumenical_altar_mp_ritualfount
D:2:      minmay_razor_zed, layout_rooms, minmay_unequal, uniq_terence

Skill      XL: |  1  2 |
---------------+-------+-----
Fighting       | 2 |  2.4
Short Blades   | 2 |  2.4
Axes           | 2 |  2.2
Armour         | 2 |  2.3
Dodging        | 3 |  3.0
Stealth        | 3 |  3.3
Spellcasting   | 4 |  4.3
Conjurations   | 3 |  3.0
Summonings     | 4 |  4.0
Translocations | |  0.8

Action                     || total
---------------------------++-------
  Melee: Dagger            ||    51
         Punch             ||     3
         Hand axe          ||    13
         Headbutt          ||     3
   Cast: Magic Dart        ||    10
         Call Imp          ||     2
    Use: Potion            ||     1
   Stab: Sleeping          ||     2
 Armour: Ring mail         ||    49
  Dodge: Dodged            ||    44

Table legend: (Time is in decaauts)
 A = Elapsed time spent in this place.
 B = Non-inter-level travel time spent in this place.
 C = Inter-level travel time spent in this place.
 D = Time resting spent in this place.
 E = Time spent auto-exploring this place.
 F = Levels seen in this place.
 G = Mean time per level.
                   A        B        C        D        E       F      G
               +--------+--------+--------+--------+--------+-----+--------+
         Total |    768 |    737 |     31 |      0 |    502 |   2 |  384.0 |
       Dungeon |    768 |    737 |     31 |      0 |    502 |   2 |  384.0 |
               +--------+--------+--------+--------+--------+-----+--------+

Top non-repeatable levels by time:
     D:1: 739 daAuts
     D:2: 28 daAuts
